 Dungeon Crawl Stone Soup version 0.13-a0-2688-gfd9909a (webtiles) character file.

3073 JacquesDerrida the Quickloader (level 9, -5/48 HPs)
             Began as a Tengu Hunter on Aug 14, 2013.
             Was a Follower of Kikubaaqudgha.
             Slain by an orc warrior
             ... wielding a +0,+2 orcish war axe
              (20 damage)
             ... on Level 8 of the Dungeon.
             The game lasted 00:25:53 (9020 turns).

JacquesDerrida the Quickloader (Tengu Hunter)       Turns: 9020, Time: 00:25:53

HP  -5/48        AC  5     Str 13      XL: 9   Next: 74%
MP  17/17        EV 16     Int 14      God: Kikubaaqudgha [*.....]
Gold 227         SH  0     Dex 15      Spells:  2 memorised,  7 levels left

Res.Fire  : + . .   See Invis. : .   a - +2 whip (elec)
Res.Cold  : . . .   Warding    : .   v - +2 leather armour {rF+}
Life Prot.: . . .   Conserve   : .   (no shield)
Res.Poison: .       Res.Corr.  : .   n - +0 wizard hat
Res.Elec. : .       Clarity    : .   (no cloak)
Sust.Abil.: . .     Spirit.Shd : .   (no gloves)
Res.Mut.  : .       Stasis     : .   (boots unavailable)
Res.Rott. : .       Flight     : .   (no amulet)
Saprovore : . . .                    p - ring of wizardry
                                     B - +5 ring of evasion

@: slightly resistant to hostile enchantments, unstealthy
A: able to fly, beak, talons 3
a: Fly, Receive Corpses, Renounce Religion


You were on level 8 of the Dungeon.
You worshipped Kikubaaqudgha.
Kikubaaqudgha was most pleased with you.
You were not hungry.

You visited 1 branch of the dungeon, and saw 8 of its levels.

You collected 207 gold pieces.

Inventory:

Hand weapons
 a - a +2,+2 whip of electrocution (weapon)
 b - a +1,+3 crossbow
 r - a +0,+0 dagger of venom (quivered)
 x - a +4,+0 dagger
Missiles
 c - 80 bolts
Armour
 d - a +0 leather armour
 n - a +0 wizard hat (worn)
 q - a cursed +0 dwarven ring mail
 v - a +2 leather armour of fire resistance (worn)
Magical devices
 k - a wand of teleportation (3)
 w - a wand of cold (7)
Comestibles
 f - 12 bread rations
 m - 2 meat rations
Scrolls
 l - 2 scrolls of remove curse
 o - 7 scrolls of identify
 t - 3 scrolls of teleportation
 y - a scroll of curse weapon {unknown}
Jewellery
 p - a ring of wizardry (right hand)
 B - a +5 ring of evasion (left hand)
Potions
 e - 3 potions of might
 h - a potion of resistance {unknown}
 i - 2 potions of speed
 j - 3 potions of heal wounds
 z - 2 potions of mutation {unknown}
 A - a potion of berserk rage {unknown}
Books
 s - Kikubaaqudgha's Reference Book on Dark Rites
   (Kikubaaqudgha gifted it to you on level 7 of the Dungeon)

   Spells                             Type                      Level
   Pain                               Necromancy                   1
   Lethal Infusion                    Charms/Necromancy            2
   *Corpse Rot                        Necromancy                   2
   Regeneration                       Charms/Necromancy            3
   *Control Undead                    Necromancy                   4


   Skills:
 - Level 1.0 Fighting
 - Level 3.7 Maces & Flails
 + Level 12.7 Crossbows
 - Level 2.1 Dodging
 - Level 1.0 Stealth
 + Level 2.7 Spellcasting
 * Level 4.4 Necromancy


You had 7 spell levels left.
You knew the following spells:

 Your Spells              Type           Power        Failure   Level  Hunger
a - Corpse Rot            Necr           N/A          2%          2    ##.....
b - Control Undead        Necr           ##........   16%         4    #####..


Dungeon Overview and Level Annotations

Branches:
Dungeon (8/27)
 Temple: D:4-7          Orc: D:6-11        Lair: D:8-13

Altars:
Kikubaaqudgha
Vehumet
Yredelemnul
Zin

Shops:
D:6: [ D:7: (


Innate Abilities, Weirdness & Mutations

You can fly.
You have a beak for a mouth.
You have claws for feet.


Message History

The orc warrior hits you with an orcish war axe!
The orc throws a club.
The club misses you.
Read which item? (? for menu, Esc to quit)
Okay, then.
Drink which item? (? for menu, Esc to quit)
You feel better. The orc warrior barely misses you.
The orc throws a throwing net.
The throwing net misses you.
You see here a throwing net.
The orc warrior picks up a throwing net.
The orc warrior throws a throwing net.
The throwing net hits you!
You become entangled in the net!
You see here a throwing net.
You struggle against the net.
You try to slip out of the net.
You try to slip out of the net.
The orc warrior hits you with an orcish war axe!
You slip out of the net!
The orc warrior hits you with an orcish war axe!
You die...
Kikubaaqudgha rasps: "You have failed me!
Welcome... death!"

................######
.......########..# .....>..#
#..# ........########..#
..........o...)....#
#................o..#
#.........########.<#
##.......oo# #..######
..........@# #........
............########.......)
..$..>.......o........####..
o...#####....o..).....# .
#...........###
#..########## #..# #..# #..#


You could see an orc warrior, an orc wizard (wandering) and an orc.

Vanquished Creatures
  Pikel (D:4)
  The ghost of JacquesDerrida the Quickloader, an experienced TeHu (D:5)
  A merfolk (D:7)
  Eustachio (D:5)
  3 sky beasts
  A slave (D:4)
  2 phantoms (D:4)
  An orc warrior (D:7)
  An ice beast (D:4)
  3 centaurs (D:7)
  A manticore zombie (D:4)
  A giant frog (D:6)
  A yak skeleton (D:8)
  A centaur zombie (D:7)
  2 crimson imps
  4 wights (D:7)
  A big fish (D:7)
  2 orc wizards
  An orc priest (D:4)
  2 hounds
  A quasit (D:7)
  An iguana (D:6)
  2 scorpions
  3 worker ants
  A hound skeleton (D:7)
  2 big fish zombies (D:5)
  3 gnolls (D:8)
  6 adders
  7 worms
  An adder skeleton (D:6)
  A grey rat (D:5)
  4 giant geckos
  41 orcs
  12 bats
  A bat skeleton (D:7)
  2 bat zombies
  3 giant cockroaches
  10 goblins
  11 hobgoblins
  12 jackals
  12 kobolds
  2 quokkas
  4 ball pythons
  5 giant newts
  A kobold skeleton (D:6)
  An orc skeleton (D:4)
  6 rats
186 creatures vanquished.

Vanquished Creatures (collateral kills)
  A wight (D:7)
1 creature vanquished.

Vanquished Creatures (others)
  2 bats
  A giant newt (D:5)
  An orc zombie (D:5)
4 creatures vanquished.

Grand Total: 191 creatures vanquished

Notes
Turn   | Place    | Note
--------------------------------------------------------------
     0 | D:1      | JacquesDerrida, the Tengu Hunter, began the quest for the Orb.
     0 | D:1      | Reached XP level 1. HP: 12/12 MP: 0/0
   126 | D:1      | Reached XP level 2. HP: 12/17 MP: 2/2
   190 | D:1      | Reached skill level 5 in Crossbows
   626 | D:1      | Reached XP level 3. HP: 21/21 MP: 3/3
  1305 | D:2      | Found a radiant altar of Vehumet.
  1394 | D:2      | Reached skill level 6 in Crossbows
  1394 | D:2      | Reached XP level 4. HP: 16/26 MP: 4/4
  2726 | D:4      | Noticed an ice beast
  2733 | D:4      | Killed an ice beast
  2733 | D:4      | Reached skill level 7 in Crossbows
  2733 | D:4      | Reached XP level 5. HP: 30/30 MP: 6/6
  3271 | D:4      | Noticed a phantom
  3282 | D:4      | Killed a phantom
  3282 | D:4      | Reached skill level 8 in Crossbows
  3282 | D:4      | Reached XP level 6. HP: 24/35 MP: 7/7
  4065 | D:5      | Entered Level 5 of the Dungeon
  4065 | D:5      | Found a glowing silver altar of Zin.
  4065 | D:5      | Noticed Pikel
  4084 | D:4      | Reached XP level 7. HP: 36/39 MP: 8/8
  4156 | D:4      | Reached skill level 9 in Crossbows
  4521 | D:4      | Killed Pikel
  4521 | D:4      | Reached skill level 11 in Crossbows
  4521 | D:4      | Reached XP level 8. HP: 22/44 MP: 10/10
  5135 | D:5      | Reached skill level 1 in Maces & Flails
  5168 | D:5      | Noticed JacquesDerrida's ghost (experienced TeHu)
  5187 | D:5      | Killed JacquesDerrida's ghost
  5378 | D:5      | Noticed Eustachio
  5642 | D:5      | Killed Eustachio
  5910 | D:5      | Found an ancient bone altar of Kikubaaqudgha.
  6134 | D:5      | Became a worshipper of Kikubaaqudgha
  6280 | D:5      | Reached skill level 12 in Crossbows
  6280 | D:5      | Reached XP level 9. HP: 48/48 MP: 11/11
  6283 | D:5      | Found a basalt altar of Yredelemnul.
  6440 | D:6      | Found Benlum's Armour Shoppe.
  7007 | D:6      | Reached skill level 1 in Spellcasting
  7115 | D:7      | Acquired Kikubaaqudgha's first power
  7115 | D:7      | Received a gift from Kikubaaqudgha
  7116 | D:7      | Identified Kikubaaqudgha's Reference Book on Dark Rites (Kikubaaqudgha gifted it to you on level 7 of the Dungeon)
  7120 | D:7      | Learned a level 2 spell: Corpse Rot
  7350 | D:7      | Reached skill level 1 in Necromancy
  7386 | D:7      | Found Fehigups' Weapon Emporium.
  8536 | D:7      | Learned a level 4 spell: Control Undead
  9020 | D:8      | Slain by an orc warrior

Action                   |  1- 3 |  4- 6 |  7- 9 || total
-------------------------+-------+-------+-------++-------
Melee: Short sword       |   105 |       |       ||   105
       Dagger            |    10 |    76 |    42 ||   128
       Whip              |       |       |   242 ||   242
 Fire: Crossbow          |     6 |    41 |    58 ||   105
 Cast: Control Undead    |       |       |     4 ||     4
       Corpse Rot        |       |       |     2 ||     2
Evoke: Wand              |     1 |       |     1 ||     2
  Use: Scroll            |       |       |    12 ||    12
       Potion            |       |       |     6 ||     6
 Stab: Distracted        |       |     1 |       ||     1
       Sleeping          |       |     1 |       ||     1
